 Dungeon Crawl Stone Soup version 0.20.1-1-g8b1a95d (webtiles) character file.

266 tomaoak the Skirmisher (level 6, -4/53 HPs)
             Began as a Draconian Fighter on Oct 27, 2017.
             Slain by Edmund
             ... wielding a +3 flail of crushing
              (6 damage)
             ... on level 4 of the Dungeon.
             The game lasted 00:19:23 (2893 turns).

tomaoak the Skirmisher (Draconian Fighter)          Turns: 2893, Time: 00:19:24

Health: -4/53      AC:  6    Str: 20    XL:     6   Next: 0%
Magic:  6/6        EV: 11    Int:  9    God:    Xom [...*..]
Gold:   224        SH:  9    Dex: 10    Spells: 5/5 levels left

rFire    . . .     SeeInvis .   a - +0 long sword {fearsome}
rCold    . . .     Gourm    .   b - +0 shield
rNeg     . . .     Faith    .   (armour unavailable)
rPois    .         Spirit   .   (helmet restricted)
rElec    .         Reflect  .   (no cloak)
rCorr    .         Harm     .   (no gloves)
MR       .....                  (no boots)
Stlth    +.........             (no amulet)
Regen    0.2/turn               l - ring of wizardry
MPRegen  0.1/turn               (no ring)

@: no status effects
A: unfitting armour, cold-blooded, AC +6
a: Renounce Religion


You were on level 4 of the Dungeon.
You worshipped Xom.
You were a favourite toy of Xom.
You were not hungry.

You visited 1 branch of the dungeon, and saw 4 of its levels.

You collected 224 gold pieces.

Inventory:

Hand Weapons
 a - a +0 long sword (weapon) {fearsome}
Missiles
 f - 126 stones (quivered)
 j - 69 arrows
 p - 4 javelins
Armour
 b - a +0 shield (worn)
 z - a +0 robe
Jewellery
 l - a ring of wizardry (left hand)
 t - a +5 ring of intelligence {unknown}
Scrolls
 d - 3 scrolls of remove curse
 i - a scroll of recharging {unknown}
 n - a scroll of magic mapping {unknown}
 u - a scroll of teleportation {unknown}
 w - a scroll of enchant weapon {unknown}
 x - 2 scrolls of identify {unknown}
 y - 2 scrolls of enchant armour {unknown}
Potions
 c - 2 potions of might
 e - 2 potions of flight {unknown}
 h - a potion of ambrosia {unknown}
 k - 4 potions of heal wounds {unknown}
 m - a potion of degeneration {unknown}
 q - 2 potions of curing {unknown}
 s - a potion of agility {unknown}
Comestibles
 g - 2 royal jellies
 o - 3 fruits
 r - a bread ration
 v - a meat ration
 A - 2 chunks of flesh


   Skills:
 + Level 4.6 Fighting
 + Level 3.6 Long Blades
 + Level 3.8 Dodging
 + Level 4.1 Shields


You had 5 spell levels left.
You didn't know any spells.

Dungeon Overview and Level Annotations

Branches:
Dungeon (4/15)
 Temple: D:4-7

Altars:
Cheibriados
Uskayaw
Xom

Annotations:
D:4 Edmund


Innate Abilities, Weirdness & Mutations

Your plain brown scales are hard. (AC +6)
You cannot fit into any form of body armour.
You are cold-blooded and may be slowed by cold attacks.


Message History

Edmund is severely wounded.
Edmund hits you but does no damage.
You hit Edmund.
Edmund is severely wounded.
Edmund hits you with a flail of crushing!
Your shield prevents you from hitting Edmund.
Edmund is severely wounded.
Edmund hits you with a flail of crushing!
* * * LOW HITPOINT WARNING * * *
x2 You barely miss Edmund.
Your tail-slap misses Edmund.
Edmund is severely wounded.
Edmund completely misses you.
There is a stone staircase leading down here.
You see here a worker ant corpse.
Edmund hits you with a flail of crushing.
* * * LOW HITPOINT WARNING * * *
x2
There is a stone staircase leading up here.
You can't go down here!
Edmund hits you with a flail of crushing.
You die...

#### ...
#.###############
#....#...........
#.####..#....@@#
..........#†##........
...##.<.##>##.######.
.........##.##.#
###.###..##.##.# #
#..##.##.# #..#...#.#
#....#.... ..... ...


You could see Edmund.

Vanquished Creatures
  2 crimson imps (D:3)
  2 orc priests (D:3)
  A worker ant (D:4)
  4 adders
  2 oozes (D:2)
  A worm (D:3)
  2 dart slugs
  3 leopard geckos
  6 orcs (D:3)
  5 bats
  2 giant cockroaches (D:1)
  4 hobgoblins
  2 quokkas
  2 frilled lizards (D:2)
  8 goblins
  5 kobolds
  6 rats
57 creatures vanquished.

Notes
Turn   | Place    | Note
-------+----------+-------------------------------------------
     0 | D:1      | tomaoak the Draconian Fighter began the quest for the Orb.
     0 | D:1      | Reached XP level 1. HP: 19/19 MP: 1/1
   185 | D:2      | You fall through a shaft!
   185 | D:3      | Noticed an orc priest
   185 | D:3      | Noticed an orc priest
   188 | D:3      | Killed an orc priest
   188 | D:3      | Reached XP level 2. HP: 14/27 MP: 2/2
   188 | D:3      | Reached XP level 3. HP: 17/33 MP: 3/3
   195 | D:3      | Reached XP level 4. HP: 9/40 MP: 4/4
   719 | D:3      | Found a snail-covered altar of Cheibriados.
   879 | D:3      | Found a hide-covered altar of Uskayaw.
   995 | D:3      | Found a shimmering altar of Xom.
  1002 | D:3      | Became a worshipper of Xom the Begetter of Discontinuities
  1062 | D:3      | XOM: harmless Tloc miscast
  1072 | D:3      | XOM: harmless Chrm miscast
  1324 | D:3      | XOM: potion effect (might)
  1326 | D:3      | Reached XP level 5. HP: 46/47 MP: 5/5
  2233 | D:1      | XOM is BORED!
  2233 | D:1      | XOM: silly message
  2326 | D:1      | XOM: divination: detect items
  2600 | D:1      | XOM: mild Pois miscast
  2870 | D:4      | Reached XP level 6. HP: 46/53 MP: 6/6
  2871 | D:4      | Noticed Edmund
  2890 | D:4      | HP: 2/53 [Edmund/flail of crushing (2)]
  2893 | D:4      | Slain by Edmund

Skill      XL: |  1  2  3  4  5 |
---------------+----------------+-----
Dodging        | 3 |  3.8
Fighting       | 4 |  4.6
Long Blades    | 3 |  3.6
Shields        | 4 |  4.1

Action                   |  1- 3 |  4- 6 || total
-------------------------+-------+-------++-------
Melee: Long sword        |    21 |   188 ||   209
       Tailslap          |     3 |    30 ||    33
Throw: Stone             |       |    10 ||    10
  Use: Scroll            |       |     1 ||     1
  Eat: Bread ration      |       |     1 ||     1
       Chunk             |       |     2 ||     2
Armor: Skin              |     3 |    70 ||    73
Dodge: Dodged            |     5 |    75 ||    80
Block: Shield            |     9 |   101 ||   110
       Rpst.: Long sword |     2 |    27 ||    29
